 Dungeon Crawl Stone Soup version 0.30-a0-29-g142975f185 (webtiles) character file.

Game seed: 14592799750772224408

3999 lmSkywalker the Cleaver (level 10, -4/94 HPs)
             Began as a Hill Orc Delver on Aug 24, 2022.
             Was an Elder of Beogh.
             Slain by a two-headed ogre
             ... wielding a +0 giant spiked club
              (15 damage)
             ... on level 9 of the Dungeon on Aug 26, 2022.
             The game lasted 01:07:05 (11136 turns).

lmSkywalker the Cleaver (Hill Orc Delver)          Turns: 11136, Time: 01:07:05

Health: -4/94      AC:  6    Str: 18    XL:     10   Next: 23%
Magic:  12/12      EV: 12    Int: 12    God:    Beogh [****..]
Gold:   451        SH:  0    Dex: 18    Spells: 9/9 levels left

rFire   . . .      SeeInvis .    G - +2 war axe (drain)
rCold   . . .      Faith    .    (no shield)
rNeg    . . .      Spirit   .    H - +0 steam dragon scales
rPois   .          Reflect  .    (no helmet)
rElec   .          Harm     .    B - +0 cloak
rCorr   .          Rampage  .    (no gloves)
Will    .....                    (no boots)
Stlth   +++.......               (no amulet)
HPRegen 0.25/turn                k - +4 ring of slaying
MPRegen 0.13/turn                u - +6 ring of dexterity

@: no status effects
A: no striking features
a: Renounce Religion, Smiting, Recall Orcish Followers


You were on level 9 of the Dungeon.
You worshipped Beogh.
Beogh was greatly pleased with you.
You visited 1 branch of the dungeon, and saw 9 of its levels.

You collected 451 gold pieces.

Inventory:

Hand Weapons
 G - a +2 war axe of draining (weapon)
Missiles
 b - 41 stones
 t - 3 silver boomerangs
 K - 6 throwing nets
 L - 6 boomerangs
Armour
 x - a +3 leather armour
 B - a +0 cloak (worn)
 H - +0 steam dragon scales (worn)
Jewellery
 k - a +4 ring of slaying (left hand)
 u - a +6 ring of dexterity (right hand)
 M - a ring of flight
Wands
 g - a wand of digging (3)
 C - a wand of flame (19)
 E - a wand of iceblast (9)
Scrolls
 a - 2 scrolls of identify
 c - 2 scrolls of fog
 d - 5 scrolls of magic mapping
 e - 5 scrolls of fear
 j - 2 scrolls of enchant armour
 n - 4 scrolls of immolation
 q - a scroll of silence {unknown}
 s - 5 scrolls of teleportation {unknown}
 v - a scroll of blinking
 y - a scroll of noise {unknown}
 D - a scroll of poison {unknown}
 I - a scroll of amnesia {unknown}
 J - a scroll of vulnerability {unknown}
Potions
 f - a potion of haste
 h - 3 potions of lignification
 i - a potion of mutation {unknown}
 l - 3 potions of resistance {unknown}
 m - 2 potions of berserk rage
 o - 2 potions of invisibility
 p - 2 potions of brilliance {unknown}
 r - a potion of cancellation {unknown}
 w - 3 potions of curing
 z - 2 potions of attraction
 A - a potion of experience {unknown}
 F - a potion of flight {unknown}


   Skills:
 + Level 10.8 Fighting
 + Level 14.4 Axes
 - Level 3.0 Armour
 - Level 1.5 Dodging
 - Level 4.1 Stealth
 - Level 3.1 Invocations


You had 9 spell levels left.
You didn't know any spells.
Your spell library contained the following spells:

 Spells                   Type           Power      Damage    Failure   Level
 Sting                    Tmut/Pois      0%         1d3       32%         1
 Poisonous Vapours        Pois/Air       0%         N/A       45%         2
 Scorch                   Fire           0%         2d5       45%         2
 Flame Wave               Conj/Fire      0%         2d4       97%         4
 Olgreb's Toxic Radiance  Pois           0%         N/A       97%         4
 Summon Cactus Giant      Summ           0%         N/A       100%        6


Dungeon Overview and Level Annotations

Branches:
Dungeon (9/15)             Temple (0/1) D:7
   Lair: D:8-11         Orc: D:9-12

Altars:
Ashenzari
Fedhas

Annotations:
D:2 1 runed translucent door, Crazy Yiuf
D:4 exclusion: phantom
D:7 Prince Ribbit


Message History

You see here a yak corpse.
You barely miss the yak.
The yak is almost dead.
You barely miss the two-headed ogre. The yak gores you.
* * * LOW HITPOINT WARNING * * *
The two-headed ogre completely misses you.
The two-headed ogre hits you with a +0 dire flail!!
* * * LOW HITPOINT WARNING * * *
You swap places.
Your orc warrior hits the two-headed ogre with a +0 hand axe!
Your orc warrior hits the yak with a +0 hand axe.
Your orc wizard hits the two-headed ogre but does no damage.
The yak gores your orc warrior!
Your orc warrior dies!
Your orc wizard hits the two-headed ogre with a +0 dagger.
The yak barely misses your orc warrior.
Your orc warrior hits the yak but does no damage.
The yak closely misses your orc warrior.
The two-headed ogre barely misses your orc wizard.
The two-headed ogre hits your orc wizard with a +0 dire flail!
Your orc wizard hits the two-headed ogre but does no damage.
The yak closely misses you.
The two-headed ogre barely misses your orc wizard. x2
You hit the yak. You drain the yak.
You kill the yak!
Beogh accepts your kill.
Your orc warrior closely misses the two-headed ogre.
Your orc wizard points at the two-headed ogre and mumbles some strange words.
The puff of flame hits the two-headed ogre.
Your orc wizard hits the two-headed ogre with a +0 dagger.
Your orc warrior hits the two-headed ogre with a +0 war axe!
The two-headed ogre hits your orc warrior with a +0 giant spiked club!
The two-headed ogre hits your orc warrior with a +0 dire flail.
Items here: ) †††.
Found a shiny barding.
Your orc warrior completely misses the two-headed ogre.
Your orc wizard hits the two-headed ogre but does no damage.
You swap places.
The two-headed ogre hits you with a +0 giant spiked club!
You die...

########################
#.............†.oO......
#.............)o@.......
#..##############.......
#..# ....... #..#
....... #..######
.....[. #........
....... #.#######
###.... #.# ..## #.#


You could see a two-headed ogre (ally target), a friendly orc warrior and a
friendly orc wizard (invisible).

Vanquished Creatures
  Maggie (D:6)
  A wyvern (D:8)
  3 yaks (D:9)
  A steam dragon (D:9)
  A water moccasin (D:6)
  3 orc warriors
  3 ice beasts
  3 ogres
  A centaur (D:4)
  A phantom (D:7)
  2 kobold brigands
  2 bullfrogs
  2 necrophages
  3 gnoll sergeants
  12 hounds
  7 orc priests
  A jelly (D:7)
  5 iguanas
  3 orc wizards
  5 adders
  11 gnolls
  A shadow imp (D:7)
  A white imp (D:6)
  4 worms
  2 dart slugs (D:3)
  28 orcs
  10 endoplasms
  3 giant cockroaches
  11 goblins
  5 hobgoblins
  13 jackals
  6 quokkas
  6 ball pythons
  4 bats
  2 frilled lizards (D:1)
  12 kobolds
  7 rats
186 creatures vanquished.

Vanquished Creatures (collateral kills)
  A yak (D:9)
  Grum (D:8)
  An orc warrior (D:8)
  An orc priest (D:8)
  A gnoll bouda (D:8)
  2 hounds (D:8)
  5 gnolls (D:8)
  2 orcs (D:7)
14 creatures vanquished.

Vanquished Creatures (others)
  2 orc warriors
  An orc priest (D:5)
  An orc wizard (D:6)
  6 orcs
  2 fungi (D:2)
12 creatures vanquished.

Grand Total: 212 creatures vanquished

Notes
Turn   | Place    | Note
-------+----------+-------------------------------------------
     0 | D:5      | lmSkywalker the Hill Orc Delver began the quest for the
                  | Orb.
     0 | D:5      | Reached XP level 1. HP: 19/19 MP: 1/1
     1 | D:5      | Noticed a scorpion
    33 | D:6      | Noticed an orc priest
   122 | D:5      | Noticed an orc priest
   124 | D:5      | Became a worshipper of Beogh the Brigand
   132 | D:5      | Reached skill level 3 in Axes
   155 | D:4      | You fall into a shaft and drop 1 floor!
   249 | D:4      | Noticed a phantom
   755 | D:4      | Noticed an iguana
   799 | D:3      | Reached XP level 2. HP: 22/26 MP: 2/2
   954 | D:3      | Reached skill level 4 in Axes
  1461 | D:1      | Reached XP level 3. HP: 31/31 MP: 3/3
  1461 | D:1      | Reached * piety under Beogh
  1835 | D:1      | Reached skill level 5 in Axes
  1955 | D:1      | Found a faded altar of an unknown god.
  2482 | D:2      | Reached XP level 4. HP: 39/39 MP: 4/4
  2803 | D:2      | Reached skill level 6 in Axes
  2819 | D:2      | Reached ** piety under Beogh
  3003 | D:2      | Found a runed translucent door.
  3004 | D:2      | Noticed Crazy Yiuf
  3738 | D:3      | Reached skill level 1 in Invocations
  3738 | D:3      | Reached XP level 5. HP: 45/45 MP: 1/5
  4207 | D:3      | Found a broken altar of Ashenzari.
  4641 | D:4      | Reached skill level 7 in Axes
  4778 | D:4      | Reached XP level 6. HP: 40/51 MP: 8/8
  5087 | D:4      | Reached skill level 8 in Axes
  5371 | D:5      | Reached skill level 9 in Axes
  5371 | D:5      | Reached XP level 7. HP: 57/57 MP: 9/9
  6281 | D:5      | Reached skill level 10 in Axes
  6888 | D:5      | Upgraded the game from 0.30-a0-23-ge60ba3568b to
                  | 0.30-a0-29-g142975f185
  7138 | D:6      | Reached skill level 5 in Fighting
  7141 | D:6      | Reached XP level 8. HP: 68/68 MP: 10/10
  7375 | D:6      | Noticed Maggie
  7388 | D:6      | Killed Maggie
  7389 | D:6      | Reached skill level 11 in Axes
  7890 | D:6      | Found a blossoming altar of Fedhas.
  8431 | D:6      | Reached skill level 1 in Armour
  8651 | D:6      | Reached skill level 12 in Axes
  8651 | D:6      | Reached XP level 9. HP: 80/80 MP: 7/11
  9012 | D:6      | Reached *** piety under Beogh
  9169 | D:7      | Found a staircase to the Ecumenical Temple.
  9174 | D:7      | Noticed Prince Ribbit
  9623 | D:8      | Reached skill level 13 in Axes
 10407 | D:8      | Reached **** piety under Beogh
 10556 | D:8      | Noticed Grum
 10562 | D:8      | Killed Grum
 10563 | D:8      | Reached skill level 10 in Fighting
 10714 | D:8      | Reached XP level 10. HP: 87/93 MP: 12/12
 11004 | D:9      | Reached skill level 14 in Axes
 11118 | D:9      | Noticed a two-headed ogre
 11136 | D:9      | Slain by a two-headed ogre

Illustrated notes

Levels and vault maps discovered:
D:1:      sevenhm_arrival_forest_fort_small_6, layout_basic,
          hellmonk_ecumenical_altar_blasted, wad_floor_pattern_1
D:2:      layout_basic, uniq_crazy_yiuf_cottage
D:3:      layout_loops_cross, general_overflow_altar
D:4:      layout_basic, serial_shops, shop
D:5:      layout_basic
D:6:      layout_loops_corners, fedhas_altar_1,
          lightli_ossuary_entry_decrepit_ruins, uniq_maggie
D:7:      layout_cave_pools, minmay_temple_entry_drinking_statues,
          uniq_prince_ribbit1
D:8:      layout_cave_pools, serial_gnoll_camp, gnoll_camp_mini_loothouse,
          gnoll_camp_mini_hut, grums_kennel, gnoll_camp_medium_01
D:9:      layout_long_grid, amethyst_overflow_temple_binary,
          kennysheep_orc_monster_closet_entryway

Skill      XL: |  1  2  3  4  5  6  7  8  9 10 |
---------------+-------------------------------+-----
Axes           | 3 4 5 6 7 9 10 12 13 14 | 14.4
Invocations    | 1 3 |  3.1
Fighting       | 5 7 10 | 10.8
Armour         | 2 3 |  3.0
Dodging        | |  1.5
Stealth        | |  4.1

Action                   |  1- 3 |  4- 6 |  7- 9 | 10-12 || total
-------------------------+-------+-------+-------+-------++-------
Melee: Hand axe          |   145 |   182 |    48 |       ||   375
       Punch             |     3 |     1 |     5 |       ||     9
       War axe           |       |       |   183 |    23 ||   206
Throw: Boomerang         |       |     7 |       |       ||     7
       Stone             |       |       |    28 |       ||    28
Invok: Convert to Beogh  |     1 |       |       |       ||     1
       Smiting           |       |     2 |     5 |       ||     7
  Use: Scroll            |     3 |     2 |     2 |       ||     7
       Potion            |       |       |     1 |       ||     1
 Stab: Sleeping          |     5 |     6 |     2 |     1 ||    14
       Invisible         |       |       |     3 |       ||     3
       Distracted        |       |       |     1 |       ||     1
Armor: Leather armour    |    46 |    35 |    30 |       ||   111
       Steam dragon scal |       |       |    31 |     2 ||    33
Dodge: Dodged            |    86 |    97 |   149 |    20 ||   352

Table legend: (Time is in decaauts)
 A = Elapsed time spent in this place.
 B = Non-inter-level travel time spent in this place.
 C = Inter-level travel time spent in this place.
 D = Time resting spent in this place.
 E = Time spent auto-exploring this place.
 F = Levels seen in this place.
 G = Mean time per level.
                   A        B        C        D        E       F      G
               +--------+--------+--------+--------+--------+-----+--------+
         Total |  11127 |  10209 |    918 |   3565 |   1258 |   9 | 1236.3 |
       Dungeon |  11127 |  10209 |    918 |   3565 |   1258 |   9 | 1236.3 |
               +--------+--------+--------+--------+--------+-----+--------+

Top non-repeatable levels by time:
     D:4: 1908 daAuts
     D:6: 1787 daAuts
     D:5: 1532 daAuts
     D:3: 1470 daAuts
     D:8: 1350 daAuts
     D:2: 1140 daAuts
     D:1: 1071 daAuts
     D:7: 633 daAuts
     D:9: 233 daAuts
